 Dungeon Crawl Stone Soup version 0.31-a0-1612-g4aaf141004 (webtiles) character file.

Game seed: 3983820670531117556

44 grandjackal the Cudgeller (level 3, 0/28 HPs)
             Began as a Demonspawn Gladiator on Jan 9, 2024.
             Slain by a phantom (6 damage)
             ... on level 2 of the Dungeon.
             The game lasted 00:01:19 (1045 turns).

grandjackal the Cudgeller (Demonspawn Gladiator)    Turns: 1045, Time: 00:01:20

Health: 0/28       AC:  4    Str: 16    XL:     3   Next: 39%
Magic:  3/3        EV: 12    Int:  8    God:
Gold:   92         SH:  0    Dex: 14    Spells: 2/2 levels left

rFire   . . .        a - +0 flail
rCold   . . .        (no shield)
rNeg    . . .        b - +0 leather armour
rPois   .            c - +0 helmet
rElec   .            (no cloak)
rCorr   .            (no gloves)
SInv    .            (no boots)
Will    .....        (no amulet)
Stlth   +            (no ring)
HPRegen 0.24/turn    (no ring)
MPRegen 0.08/turn

%: no passive effects
@: no status effects
A: claws 1, demonic magic 1
a: no special abilities


You were on level 2 of the Dungeon.
You visited 1 branch of the dungeon, and saw 2 of its levels.

You collected 92 gold pieces.

Inventory:

Hand Weapons
 a - a +0 flail (weapon)
Missiles
 d - 3 throwing nets (quivered)
 e - a javelin
Armour
 b - a +0 leather armour (worn)
 c - a +0 helmet (worn)
Scrolls
 f - 3 scrolls of teleportation {unknown}
 k - a scroll of identify {unknown}
Potions
 g - a potion of enlightenment {unknown}
 h - 2 potions of might {unknown}
 i - a potion of degeneration {unknown}
 j - 2 potions of heal wounds {unknown}


   Skills:
 + Level 2.6 Fighting
 + Level 3.1 Maces & Flails
 - Level 2.0 Throwing
 - Level 3.0 Dodging
 + Level 0.9 Unarmed Combat


You had 2 spell levels left.
You didn't know any spells.
Your spell library was empty.

Dungeon Overview and Level Annotations

Branches:
Dungeon (2/15)

Altars:


Innate Abilities, Weirdness & Mutations

You have sharp fingernails.
Spells you cast may paralyse adjacent enemies.


Message History

You blink.
The ball python misses you. The ball python closely misses you.
The phantom barely misses you.
You barely miss the phantom. The ball python bites you.
The ball python grabs you. The ball python constricts you.
The ball python bites you but does no damage.
The ball python constricts you. The phantom misses you.
You barely miss the ball python. You claw the ball python.
You kill the ball python!
The phantom hits you.
The phantom blinks!
You blink.
You hit the phantom but do no damage.
The phantom hits you but does no damage.
You closely miss the phantom. The phantom hits you!
You hit the phantom.
The phantom is lightly damaged.
The phantom closely misses you. The phantom hits you.
You hit the phantom.
The phantom is moderately damaged.
The phantom hits you.
The phantom blinks!
You blink.
You are too injured to fight recklessly!
You are too injured to fight recklessly!
You are too injured to fight recklessly!
You hit the phantom but do no damage.
The phantom is moderately damaged.
The phantom closely misses you.
You hit the phantom.
The phantom is moderately damaged.
The phantom hits you but does no damage.
You hit the phantom.
The phantom is heavily damaged.
The phantom hits you.
* * * LOW HITPOINT WARNING * * *
The phantom hits you.
* * * LOW HITPOINT WARNING * * *
You barely miss the phantom.
The phantom is heavily damaged.
The phantom closely misses you.
You hit the phantom.
The phantom is severely damaged.
The phantom hits you.
You die...

#.. ##.......##.
##)##........#..
#..............#
##########....##...>..###
##...#.<.##.##.<.....###
##...............#...##
#............###...###
#.........W.# #####
#.........@.#
#.........## ##...#...##
#########


You could see a phantom.

Vanquished Creatures
  An adder (D:2)
  A ribbon worm (D:2)
  An endoplasm (D:2)
  6 goblins
  3 hobgoblins (D:2)
  2 kobolds
  3 quokkas
  6 ball pythons
  3 bats
  A frilled lizard (D:2)
  2 rats
29 creatures vanquished.

Notes
Turn   | Place    | Note
-------+----------+-------------------------------------------
     0 | D:1      | grandjackal the Demonspawn Gladiator began the quest for
                  | the Orb.
     0 | D:1      | Reached XP level 1. HP: 16/16 MP: 1/1
   265 | D:1      | Gained mutation: You have sharp fingernails. [demonic
                  | ancestry]
   265 | D:1      | Reached XP level 2. HP: 22/22 MP: 2/2
   482 | D:1      | Found a faded altar of an unknown god.
   770 | D:2      | Gained mutation: Spells you cast may paralyse adjacent
                  | enemies. [demonic ancestry]
   770 | D:2      | Reached XP level 3. HP: 9/28 MP: 3/3
  1028 | D:2      | Noticed a phantom
  1045 | D:2      | Slain by a phantom

Illustrated notes

Levels and vault maps discovered:
D:1:      sevenhm_arrival_forest_fort_large_4, layout_basic,
          nicolae_ecumenical_snake_handling, nrook_campfire,
          hangedman_decor_clover_reticule
D:2:      layout_rooms, st_stairs_8

Skill      XL: |  1  2 |
---------------+-------+-----
Throwing       | 2 |  2.0
Maces & Flails | 3 |  3.1
Dodging        | 3 |  3.0
Fighting       | |  2.6
Unarmed Combat | |  0.9

Action                     || total
---------------------------++-------
  Melee: Flail             ||    84
         Punch             ||     2
 Armour: Leather armour    ||    60
  Dodge: Dodged            ||    56

Table legend: (Time is in decaauts)
 A = Elapsed time spent in this place.
 B = Non-inter-level travel time spent in this place.
 C = Inter-level travel time spent in this place.
 D = Time resting spent in this place.
 E = Time spent auto-exploring this place.
 F = Levels seen in this place.
 G = Mean time per level.
                   A        B        C        D        E       F      G
               +--------+--------+--------+--------+--------+-----+--------+
         Total |   1067 |   1030 |     37 |     78 |    726 |   2 |  533.5 |
       Dungeon |   1067 |   1030 |     37 |     78 |    726 |   2 |  533.5 |
               +--------+--------+--------+--------+--------+-----+--------+

Top non-repeatable levels by time:
     D:1: 714 daAuts
     D:2: 353 daAuts
